Map: Overgrowth LE (Void)

Players

ReeKo - Winner!

  • Race: Terran Terran
  • League: Diamond
  • Spawn Location: 7:00

Chrizz

  • Race: Terran Terran
  • League: Diamond
  • Spawn Location: 1:00

VOD

Have the link to the VOD?

Description

Time

  • Played on: Jan. 6, 2017, 9:39 a.m.
  • Length: 7:20
Show
View Real Time Build Order
Export as new Build Order

ReeKo Terran - Winner!

Build Orders: Reaper Expand, MMM Bio 

Get SALT Encoding   

  12  0:00  SCV  
  13  0:13  SCV  
  14  0:18  Supply Depot  
  14  0:25  SCV  
  15  0:39  SCV  
  15  0:40  Barracks  
  16  0:44  Refinery  
  16  0:51  SCV  
  17  1:03  SCV  
  18  1:16  SCV  
  19  1:29  Reaper, Orbital Command  
  20  1:45  Command Center  
  20  1:55  SCV  
  21  2:04  Supply Depot  
  20  2:09  Barracks Reactor, SCV  
  20  2:13  Barracks  
  21  2:21  SCV  
  22  2:33  SCV  
  23  2:45  SCV  
  23  2:49  Marine x2  
  26  2:57  SCV  
  27  3:04  Barracks Tech Lab  
  27  3:07  Marine x2  
  27  3:09  Orbital Command, SCV  
  30  3:18  Factory  
  30  3:21  SCV  
  30  3:22  Refinery  
  30  3:25  Marine x3  
  34  3:27  Stimpack  
  34  3:33  Supply Depot, SCV  
  35  3:37  Supply Depot  
  35  3:38  SCV  
  36  3:43  Marine  
  36  3:44  Marine  
  36  3:45  Marine, SCV  
  40  3:50  SCV  
  41  3:58  SCV  
  41  4:02  Marine  
  43  4:03  Marine, SCV  
  43  4:08  Factory Reactor  
  43  4:09  Starport  
  45  4:11  Refinery, SCV  
  45  4:12  Marine  
  45  4:15  SCV  
  48  4:20  Marine  
  48  4:21  Barracks  
  48  4:22  Marine  
  48  4:23  SCV  
  51  4:27  Supply Depot, SCV  
  52  4:34  Marine  
  52  4:35  SCV  
  52  4:38  Marine  
  55  4:39  SCV  
  55  4:41  Marine  
  57  4:46  Supply Depot  
  57  4:47  Supply Depot  
  58  4:53  Medivac  
  58  4:54  Medivac, Engineering Bay  
  58  4:58  Marine, SCV  
  63  5:00  SCV  
  63  5:03  Engineering Bay  
  64  5:08  Marine x2  
  64  5:10  Marine  
  64  5:11  SCV  
  68  5:19  SCV  
  69  5:23  Medivac, SCV  
  69  5:24  Medivac  
  69  5:25  Missile Turret  
  69  5:26  Supply Depot  
  74  5:29  Missile Turret  
  74  5:34  Missile Turret  
  74  5:35  Combat Shields  
  74  5:39  Barracks Reactor  
  74  5:43  SCV x2  
  76  5:51  Refinery  
  76  5:52  Marine  
  76  5:53  Marine  
  76  5:55  Marine, SCV x2  
  78  6:07  SCV  
  78  6:10  Marine  
  79  6:11  Marine  
  79  6:17  Marine x3  
  79  6:18  SCV  
  84  6:19  SCV  
  84  6:23  Supply Depot, Command Center  
  85  6:27  Supply Depot  
  85  6:34  Factory Tech Lab  
  85  6:38  SCV  
  87  6:40  SCV  
  87  6:50  Marine x2  
  87  6:52  Marine x2  
  91  6:57  Armory  
  91  6:59  Marine  
  92  7:06  Supply Depot  
  92  7:07  Supply Depot  
  91  7:08  Supply Depot x2  
Show
View Real Time Build Order
Export as new Build Order

Chrizz Terran 

Build Orders:  

Get SALT Encoding   

  12  0:00  SCV  
  13  0:13  SCV  
  14  0:19  Supply Depot  
  14  0:25  SCV  
  15  0:40  SCV  
  15  0:41  Barracks  
  16  0:51  Barracks  
  16  0:52  SCV  
  17  0:59  Refinery  
  17  1:04  SCV  
  18  1:17  SCV  
  19  1:23  Refinery  
  19  1:29  Orbital Command  
  19  1:30  Marine  
  20  1:38  Supply Depot  
  20  1:39  Marine  
  21  1:48  Marine  
  22  1:55  SCV  
  23  2:09  SCV  
  24  2:18  Command Center  
  25  2:22  SCV  
  24  2:30  Factory  
  24  2:42  Marine x2  
  27  2:44  SCV  
  27  2:56  SCV  
  28  3:06  Factory  
  28  3:15  Marine x2  
  30  3:25  SCV  
  31  3:33  Supply Depot x2  
  31  3:36  Factory Tech Lab  
  31  3:46  Orbital Command, SCV  
  31  3:48  Supply Depot  
  32  3:53  Hellion  
  34  3:58  SCV  
  35  4:08  Hellion  
  35  4:09  Infernal Pre-Igniter  
  37  4:10  SCV  
  37  4:12  SCV  
  39  4:19  Refinery  
  39  4:22  SCV  
  40  4:24  Cyclone, SCV  
  40  4:30  Cyclone  
  47  4:36  SCV  
  47  4:37  Engineering Bay, SCV  
  49  4:49  SCV  
  50  4:55  Refinery  
  50  4:57  Cyclone  
  53  5:02  Cyclone  
  56  5:09  Missile Turret  
  56  5:11  SCV x2  
  58  5:14  Missile Turret  
  58  5:23  SCV  
  58  5:27  Armory, SCV  
  60  5:29  Hellion  
  60  5:35  SCV  
  63  5:39  SCV  
  64  5:47  SCV  
  65  5:51  Command Center, SCV  
  65  5:52  Hellion  
  68  5:57  Supply Depot  
  68  5:58  Supply Depot  
  68  5:59  Supply Depot  
  68  6:02  Cyclone  
  67  6:08  SCV x2  
  69  6:18  Factory  
  69  6:19  Hellion  
  69  6:21  Marine  
  69  6:22  Marine  
  69  6:23  SCV x2  
  75  6:35  Hellion  
  75  6:39  Marine x2  
  77  6:40  Cyclone  
  82  6:56  Hellbat  
Tags
 
Composition
MMM Bio
Matchup
TvT
Race
Terran
Spawn Locations
Cross Positions
Add a new tag
Caveats
  • Supply blocks, unpowered buildings, or Contaminate may cause inaccurate times.
  • Supply counts are checked every 10 seconds.